 Dungeon Crawl Stone Soup version 0.29.0-13-gc9e81de378 (webtiles) character file.

Game seed: 15958826729842620262

4820 tilp the Merchant of Misery (level 10, 0/79 HPs)
             Began as a Mummy Necromancer on Sept 7, 2022.
             Was a Believer of Kikubaaqudgha.
             Slain by a rat (3 damage)
             ... summoned by Gastronok
             ... on level 8 of the Dungeon.
             The game lasted 00:16:45 (11468 turns).

tilp the Merchant of Misery (Mummy Necromancer)    Turns: 11468, Time: 00:16:46

Health: 0/79       AC: 10    Str: 14    XL:     10   Next: 24%
Magic:  20/20      EV: 13    Int: 25    God:    Kikubaaqudgha [**....]
Gold:   41         SH:  0    Dex: 13    Spells: 10/22 levels left

rFire   x . .      SeeInvis .   a - +9 long sword of the Witching Gods {drain, rN+ rCorr Str+3}
rCold   + + .      Faith    .   (no shield)
rNeg    + + +      Spirit   .   c - +0 robe
rPois   ∞          Reflect  .   m - +2 helmet
rElec   .          Harm     .   s - +1 cloak
rCorr   +          Rampage  .   (no gloves)
Will    +....                   l - +2 pair of boots
Stlth   ++........              u - amulet of magic regeneration
HPRegen 0.23/turn               q - +6 ring of intelligence
MPRegen 0.57/turn               n - ring of protection from cold

@: slowed, very slow
A: cold resistance 1, negative energy resistance 3, torment resistance 2, heat
vulnerability 1, in touch with death 1, no potions
a: Renounce Religion, Unearth Wretches


You were on level 8 of the Dungeon.
You worshipped Kikubaaqudgha.
Kikubaaqudgha was pleased with you.
You visited 2 branches of the dungeon, and saw 9 of its levels.
You also visited: Ossuary.

You collected 401 gold pieces.
You spent 360 gold pieces at shops.

Inventory:

Hand Weapons
 a - the +9 long sword of the Witching Gods (weapon) {drain, rN+ rCorr Str+3}
   (You found it on level 2 of the Dungeon)

   A truly terrible weapon, it drains the life of any living foe it strikes.
   Str:       It affects your strength (+3).
   rN:        It protects you from negative energy.
   rCorr:     It protects you from acid and corrosion.
Missiles
 f - 4 boomerangs
 h - 8 poisoned darts (quivered)
 p - a silver boomerang
 t - a curare-tipped dart
Armour
 c - a +0 robe (worn)
 l - a +2 pair of boots (worn)
 m - a +2 helmet (worn)
 s - a +1 cloak (worn)
Jewellery
 n - a ring of protection from cold (right hand)
 q - a +6 ring of intelligence (left hand)
 u - an amulet of magic regeneration (around neck)
Wands
 e - a wand of mindburst (14)
 g - a wand of flame (24)
Scrolls
 b - 3 scrolls of summoning
 d - a scroll of amnesia
 i - 3 scrolls of vulnerability
 j - 4 scrolls of teleportation
 k - 5 scrolls of immolation
 o - a scroll of magic mapping
 r - 6 scrolls of identify


   Skills:
 + Level 7.1 Fighting
 - Level 4.0 Dodging
 - Level 4.0 Stealth
 + Level 6.7 Spellcasting
 * Level 3.4 Hexes
 * Level 9.7 Necromancy
 + Level 3.6 Evocations


You had 10 spell levels left.
You knew the following spells:

 Your Spells              Type           Power      Damage    Failure   Level
a - Necrotise             Necr           100%       1d9       1%          1
b - Vampiric Draining     Necr           71%        2d11      1%          3
c - Animate Dead          Necr           71%        N/A       1%          4
d - Anguish               Hex/Necr       29%        N/A       4%          4

Your spell library contained the following spells:

 Spells                   Type           Power      Damage    Failure   Level
 Agony                    Necr           71%        N/A       3%          5
 Freeze                   Ice            32%        1d5       7%          1
 Magic Dart               Conj           32%        1d4       7%          1
 Searing Ray              Conj           16%        2d5       11%         2
 Frozen Ramparts          Ice            16%        1d3       21%         3
 Stone Arrow              Conj/Erth      16%        3d8       21%         3
 Fulminant Prism          Conj/Hex       8%         3d7       34%         4
 Animate Armour           Summ/Erth      16%        N/A       56%         4
 Hailstorm                Conj/Ice       8%         3d4       56%         4
 Petrify                  Tmut/Erth      8%         N/A       56%         4
 Metabolic Englaciation   Hex/Ice        8%         N/A       67%         5
 Malign Gateway           Summ/Tloc      4%         N/A       100%        7
 Lehudib's Crystal Spear  Conj/Erth      4%         10d3      100%        8
 Summon Horrible Things   Summ           4%         N/A       100%        8
 Statue Form              Tmut/Erth      Unusable   N/A       N/A         6

Dungeon Overview and Level Annotations

Branches:
Dungeon (8/15)             Temple (1/1) D:6         Ossuary (visited)
   Lair: D:8-11

Altars:
Ashenzari
Cheibriados
Dithmenos
Fedhas
Gozag
Hepliaklqana
Kikubaaqudgha
Makhleb
Nemelex Xobeh
Okawaru
Qazlal
Ru
Sif Muna
Trog
Uskayaw
Vehumet
Wu Jian
Xom
Yredelemnul

Shops:
D:4 (   D:5 =   D:7 :   D:8 :

Annotations:
D:8 Gastronok


Innate Abilities, Weirdness & Mutations

You are immune to poison.
Your flesh is cold resistant. (rC+)
You are immune to negative energy. (rN+++)
You are immune to unholy pain and torment.
You are vulnerable to heat. (rF-)
You are in touch with the powers of death.
You do not drink.


Message History

You hit the river rat. You punch the river rat.
The river rat is severely wounded.
The river rat completely misses you. The river rat misses you.
Unknown command.
You slash the river rat!
You kill the river rat!
The river rat's corpse disappears in a puff of smoke!
The quokka completely misses you.
Unknown command.
You slash the quokka!
You kill the quokka!
The quokka's corpse disappears in a puff of smoke!
The quokka closely misses you. The quokka barely misses you.
The quokka bites you. The quokka closely misses you.
You hit Gastronok.
Gastronok is moderately wounded.
The quokka bites you but does no damage.
The quokka barely misses you. The rat barely misses you. Gastronok bites you.
Gastronok is wracked by anguish.
The quokka barely misses you.
You completely miss Gastronok.
Gastronok is moderately wounded.
The rat closely misses you. The quokka barely misses you.
The rat barely misses you. Gastronok bites you but does no damage.
The quokka closely misses you. The rat misses you.
You slash Gastronok! You drain Gastronok.
Gastronok is heavily wounded.
Gastronok is no longer haunted by guilt.
The quokka barely misses you. The quokka closely misses you.
The rat completely misses you. Gastronok bites you!!
The quokka bites you but does no damage.
The rat closely misses you.
You slash Gastronok! You drain Gastronok.
Gastronok is heavily wounded.
The quokka misses you. The rat completely misses you.
Gastronok waves his eye-stalks in wide circles.
The air twists around and strikes you!!
* * * LOW HITPOINT WARNING * * *
The quokka closely misses you. The rat bites you.
You die...
Kikubaaqudgha rasps: "You have failed me!
Welcome... oblivion!"

..#.## #.###.......<.#####
......##..##.<.......##...
..........ZZ.Z....ZZZZZ...
.####...###..........##...
.## #...####.........#####
....## ###..#####.#..####
......####....##....)[.#
#...##.rr.##.###<#.##
...w.##....w@.....##[...#####
.## #####........#..#..[..#
#...#.##......###.#
#.....####....###.#
.......####.....#.#
##.........#...#...Z
#.......#........#.
....#......#.....Z#
#..............


You could see Gastronok (drained), a quokka (summoned) and a rat (summoned).

Vanquished Creatures
  Sigmund (D:2)
  2 steam dragons
  5 water moccasins (D:6)
  2 ice beasts
  An orc warrior (D:8)
  2 sky beasts (D:7)
  A black bear (D:7)
  2 ogres
  A phantom (D:6)
  A bullfrog (D:7)
  A necrophage (D:6)
  5 water moccasin zombies (Ossuary)
  5 wyvern zombies (Ossuary)
  3 scorpions
  9 wights
  2 howler monkeys
  4 bullfrog zombies (Ossuary)
  2 centaur zombies (Ossuary)
  2 jellies
  An orc priest (D:7)
  2 hounds (D:6)
  3 gnoll boudas
  Natasha (thrice) (D:2)
  6 orc wizards
  3 killer bee zombies (Ossuary)
  10 mummies
  3 howler monkey zombies (Ossuary)
  4 adders
  15 gnolls
  3 white imps
  2 ufetubi
  A worm (D:2)
  4 dart slugs
  13 orcs
  7 endoplasms
  2 giant cockroaches (D:3)
  5 goblins
  14 hobgoblins
  6 jackals
  14 kobolds
  2 quokkas (D:3)
  5 ball pythons
  A bat (D:3)
  6 frilled lizards
  6 rats
192 creatures vanquished.

Vanquished Creatures (collateral kills)
  An orc (D:8)
  A giant cockroach (D:2)
  2 goblins (D:1)
4 creatures vanquished.

Vanquished Creatures (others)
  2 centaurs
  A kobold brigand (D:7)
  A bullfrog (D:6)
  2 wights (D:7)
  2 mummies (Ossuary)
  3 orc zombies (D:8)
  An orc (D:7)
  2 kobolds (D:7)
  3 plants (D:4)
  4 withered plants (Ossuary)
21 creatures vanquished.

Grand Total: 217 creatures vanquished

Notes
Turn   | Place    | Note
-------+----------+-------------------------------------------
     0 | D:1      | tilp the Mummy Necromancer began the quest for the Orb.
     0 | D:1      | Reached XP level 1. HP: 13/13 MP: 4/4
     2 | D:1      | Noticed a human
     2 | D:1      | Noticed a vine stalker
     4 | D:1      | Noticed a troll
     6 | D:1      | Noticed a minotaur
     6 | D:1      | Noticed an elf
     8 | D:1      | Noticed a ghoul
    10 | D:1      | Noticed a tengu
    10 | D:1      | Noticed a demonspawn
    12 | D:1      | Noticed a demigod
    12 | D:1      | Noticed a formicid
    14 | D:1      | Noticed a meteoran
    14 | D:1      | Noticed an ogre
    16 | D:1      | Noticed a gargoyle
    18 | D:1      | Noticed a merfolk
    18 | D:1      | Noticed a draconian
    20 | D:1      | Noticed a felid
    20 | D:1      | Noticed an octopode
    22 | D:1      | Noticed a spriggan
    22 | D:1      | Noticed a naga
    24 | D:1      | Noticed a vampire
    24 | D:1      | Noticed a human
    26 | D:1      | Noticed a formicid
    26 | D:1      | Noticed a palentonga
    78 | D:1      | Reached XP level 2. HP: 20/20 MP: 0/5
   314 | D:1      | Reached skill level 1 in Fighting
   771 | D:1      | Gained mutation: You are in touch with the powers of death.
                  | [Mummy growth]
   771 | D:1      | Reached XP level 3. HP: 26/26 MP: 5/7
   781 | D:1      | Learned a level 3 spell: Vampiric Draining
   835 | D:1      | Found a faded altar of an unknown god.
  1190 | D:2      | Noticed Natasha
  1198 | D:2      | Killed Natasha
  1199 | D:2      | Reached XP level 4. HP: 32/33 MP: 3/8
  1518 | D:2      | Reached skill level 5 in Necromancy
  1518 | D:2      | Reached XP level 5. HP: 21/40 MP: 0/9
  1761 | D:2      | Identified the +9 long sword of the Witching Gods {drain,
                  | rN+ rCorr Str+3}
  1831 | D:2      | Noticed Natasha
  1834 | D:2      | Killed Natasha
  1879 | D:2      | Noticed Natasha
  1883 | D:2      | Killed Natasha
  1951 | D:2      | Noticed Sigmund
  3562 | D:4      | Learned a level 4 spell: Animate Dead
  3642 | D:4      | Noticed an ogre
  3848 | D:4      | Found Kaseytio's Weapon Shoppe.
  3869 | D:4      | Reached XP level 6. HP: 45/48 MP: 10/10
  4538 | D:5      | Entered Level 5 of the Dungeon
  4780 | D:5      | Found a sparkling altar of Nemelex Xobeh.
  4787 | D:5      | Found Liaps's Jewellery Shoppe.
  4831 | D:5      | Reached skill level 6 in Necromancy
  4971 | D:5      | Found an ornate altar of the Wu Jian Council.
  5342 | D:5      | Reached XP level 7. HP: 54/54 MP: 9/12
  5621 | D:5      | Found a radiant altar of Vehumet.
  5621 | D:5      | Found a stormy altar of Qazlal.
  5700 | D:5      | Reached skill level 1 in Evocations
  5929 | D:6      | Reached XP level 8. HP: 56/61 MP: 7/14
  6028 | D:6      | Reached skill level 7 in Necromancy
  6134 | D:6      | Reached skill level 5 in Fighting
  6518 | D:6      | Reached skill level 5 in Spellcasting
  6555 | D:6      | Reached skill level 8 in Necromancy
  6816 | D:6      | Found a staircase to the Ecumenical Temple.
  6870 | Temple   | Entered the Ecumenical Temple
  7098 | Temple   | Became a worshipper of Kikubaaqudgha
  7367 | D:2      | Killed Sigmund
  7368 | D:2      | Reached XP level 9. HP: 61/69 MP: 16/16
  7651 | D:7      | Found a sand-covered staircase.
  7744 | Ossuary  | Entered an ossuary
  8331 | Ossuary  | Reached * piety under Kikubaaqudgha
  8331 | Ossuary  | Received a gift from Kikubaaqudgha
  8342 | Ossuary  | Learned a level 4 spell: Anguish
  8882 | Ossuary  | Reached skill level 1 in Hexes
  9017 | Ossuary  | Reached skill level 9 in Necromancy
  9988 | D:7      | Reached ** piety under Kikubaaqudgha
  9994 | D:7      | Reached XP level 10. HP: 39/77 MP: 8/19
 10799 | D:7      | Found Ygiajun's Book Shop.
 11206 | D:5      | Bought an amulet of magic regeneration for 360 gold pieces
 11341 | D:8      | Found Voresug's Vocational Training.
 11443 | D:8      | Noticed Gastronok
 11468 | D:8      | HP: 3/79 [Gastronok/the air (31)]
 11468 | D:8      | Slain by a rat

Illustrated notes

Levels and vault maps discovered:
D:1:      kb_arrival_jail, layout_basic, ebering_ecumenical_altar_box
D:2:      layout_loops_ring, minivault_19, uniq_natasha, uniq_sigmund
D:3:      minmay_bubble_buster, layout_basic, serial_bayou_pond_c
D:4:      layout_basic, serial_shops, shop, serial_bayou, serial_bayou_crossing,
          serial_bayou_pond_e, serial_bayou_lagoon_b, serial_bayou_lake_a
D:5:      layout_rooms, mainiacjoe_overflow_boulevard, lemuel_doored_altar,
          gammafunk_temple_overflow_elements, serial_shops, shop
D:6:      layout_rooms, minmay_temple_entry_gardened_gates, serial_curves,
          eino_curves_03, eino_curves_03, eino_curves_04, minivault_11,
          minivault_25
D:7:      layout_basic, gup_ossuary_entry_pyramid, serial_shops, shop,
          kennysheep_generic_room_11
D:8:      layout_rooms, nicolae_shop_vocational, uniq_gastronok
Temple:   nicolae_temple_two_arcs

Skill      XL: |  1  2  3  4  5  6  7  8  9 10 |
---------------+-------------------------------+-----
Fighting       | 1 2 3 4 6 7 |  7.1
Spellcasting   | 3 4 5 6 |  6.7
Dodging        | 2 3 4 |  4.0
Stealth        | 2 4 |  4.0
Necromancy     | 5 6 8 9 |  9.7
Evocations     | 1 2 3 |  3.6
Hexes          | 2 3 |  3.4

Action                   |  1- 3 |  4- 6 |  7- 9 | 10-12 || total
-------------------------+-------+-------+-------+-------++-------
Melee: Whip              |    12 |    15 |       |       ||    27
       Long sword        |       |    98 |   331 |    62 ||   491
       Punch             |       |     1 |     5 |     2 ||     8
Throw: Stone             |    16 |       |       |       ||    16
       Boomerang         |     3 |     1 |     1 |       ||     5
       Dart              |       |     6 |    13 |       ||    19
 Cast: Necrotise         |    43 |    56 |     5 |       ||   104
       Vampiric Draining |     1 |     3 |     4 |       ||     8
       Anguish           |       |       |    13 |    13 ||    26
       Animate Dead      |       |       |       |     1 ||     1
Evoke: Wand              |       |     1 |     2 |       ||     3
  Use: Scroll            |     2 |     9 |     4 |       ||    15
 Stab: Sleeping          |     1 |     7 |     2 |       ||    10
Armor: Robe              |     2 |    27 |   141 |    49 ||   219
Dodge: Dodged            |    10 |   119 |   251 |    82 ||   462
